 Dungeon Sprint DCSS version 0.27.1-33-g824d729ab1 (webtiles) character file.

Game seed: 14450857562686377652

31304 manyhoops the Executioner (level 13, -25/144 HPs)
             Began as a Deep Dwarf Berserker on Nov 27, 2021.
             Was a Priest of Trog.
             Killed by an exploding ball lightning (48 damage)
             ... in the Dungeon (Sprint I: "Red Sonja").
             The game lasted 00:28:53 (3043 turns).

manyhoops the Executioner (Deep Dwarf Berserker)    Turns: 3043, Time: 00:28:53

Health: -25/144    AC: 30    Str: 33    XL:     13   Next: 25%
Magic:  1/4        EV: 12    Int:  7    God:    Trog [***...]
Gold:   1674       SH:  0    Dex: 12    Spells: 28/28 levels left

rFire    + + .     SeeInvis +   d - +9 executioner's axe (vorpal)
rCold    + + .     Faith    .   (shield currently unavailable)
rNeg     + . .     Spirit   .   s - +8 plate armour of Starshine {-Cast rF++ rN+ SInv}
rPois    .         Reflect  .   l - +0 helmet
rElec    .         Harm     .   C - scarf {rC+ rF+}
rCorr    .         Rampage  .   m - +0 pair of gloves
Will     +++..     Rnd*Rage +   B - +0 pair of boots {Fly} Stlth ..........NoTele +
                                A - amulet of Vitality {Regen+ HP+15}
HPRegen  1.00/turn NoCast   +   v - +6 ring of strength
MPRegen  0.09/turn              G - ring of ice

@: strong-willed, unable to read, flying, regenerating
A: damage resistance, heal wounds, sense surroundings 2, no regeneration,
berserk 1, frail 1, screaming 1, inability to read while threatened, sturdy
frame 1
a: Heal Wounds, Renounce Religion, Berserk, Trog's Hand


You were in the Dungeon.
You worshipped Trog.
Trog was most pleased with you.
You visited 1 branch You collected 7601 gold pieces.
You spent 5927 gold pieces at shops.

Inventory:

Hand Weapons
 d - a +9 vorpal executioner's axe (weapon)
 u - a +3 executioner's axe of flaming
Missiles
 j - 4 curare-tipped darts
 H - a throwing net (quivered)
Armour
 l - a +0 helmet (worn)
 m - a +0 pair of gloves (worn)
 s - the +8 plate armour of Starshine (worn) {-Cast rF++ rN+ SInv}
   (You bought it in a shop in the Dungeon)

   rF:        It greatly protects you from fire.
   rN:        It protects you from negative energy.
   SInv:      It lets you see invisible.
   -Cast:     It prevents spellcasting.
 B - a +0 pair of boots of flying (worn)
 C - a scarf of resistance (worn)
Jewellery
 r - a ring of see invisible
 v - a +6 ring of strength (left hand)
 A - the amulet of Vitality (around neck) {Regen+ HP+15}
   (You bought it in a shop in the Dungeon)

   [amulet of regeneration]

   HP:        It affects your health (+15).
   Regen:     It increases your rate of health regeneration.
 G - a ring of ice (right hand)
Wands
 i - a wand of flame (32)
 x - a wand of acid (12)
Scrolls
 b - 2 scrolls of enchant weapon
 h - a scroll of magic mapping
 k - a scroll of immolation
 q - a scroll of fear
 w - a scroll of torment
 y - a scroll of vulnerability
 E - 2 scrolls of blinking
 F - a scroll of enchant armour
Potions
 a - 2 potions of curing
 e - a potion of flight
 f - 2 potions of magic
 g - a potion of berserk rage
 p - 2 potions of haste
 t - a potion of invisibility
 z - a potion of ambrosia
 D - a potion of brilliance
Miscellaneous
 c - a lightning rod (4/4)


   Skills:
 + Level 17.1 Fighting
 - Level 23.3 Axes
 - Level 16.5 Armour
 - Level 6.8 Dodging
 - Level 8.2 Spellcasting


You had 28 spell levels left.
You didn't know any spells.
Your spell library was empty.

Dungeon Overview and Level Annotations

Branches:
Dungeon (1/1)

Altars:
Cheibriados
Dithmenos
Elyvilon
Fedhas
Gozag
Hepliaklqana
Kikubaaqudgha
Makhleb
Nemelex Xobeh
Okawaru
Qazlal
Ru
Sif Muna
Trog
Uskayaw
Vehumet
Wu Jian
Xom
Yredelemnul
Zin
The Shining One
Jiyva
Lugonu

Shops:
D ((*:[?(!=*(!=[(=[=[[[!

Annotations:
D Lom Lobon


Innate Abilities, Weirdness & Mutations

You are resistant to damage.
You can heal yourself by infusing magical energy.
You passively map the area around you.
You do not regenerate.
You tend to lose your temper in combat.
You are frail. (-10% HP)
You occasionally shout uncontrollably at your foes.
You sometimes lose the ability to read scrolls when taking damage.
Your movements are slightly less encumbered by armour. (ER -2)


Message History

The ball lightning completely resists.
Lom Lobon barely misses you.
Unknown command.
Unknown command.
You feel much better.
You are engulfed in freezing vapours.
You resist. The ice encasing you melts away.
The ball lightning explodes!
The blast of lightning engulfs you!!
The blast of lightning engulfs Lom Lobon.
Lom Lobon completely resists.
The blast of lightning engulfs the ball lightning.
The ball lightning completely resists.
Lom Lobon gestures.
The ball lightning explodes!
The blast of lightning engulfs you!!!
* * * LOW HITPOINT WARNING * * *
The blast of lightning engulfs Lom Lobon.
Lom Lobon completely resists.
The blast of lightning engulfs the ball lightning.
The ball lightning completely resists.
The blast of lightning engulfs the ball lightning.
The ball lightning completely resists.
The blast of lightning engulfs the ball lightning.
The ball lightning completely resists. 3 ball lightnings come into view.
Unknown command.
Unknown command.
You cannot read scrolls in your current state!
Unknown command.
Okay, then.
You feel much better.
You are engulfed in freezing vapours.
You resist.
* * * LOW HITPOINT WARNING * * *
The ball lightning explodes!
The blast of lightning engulfs the ball lightning.
The ball lightning completely resists.
The blast of lightning engulfs you!
* * * LOW HITPOINT WARNING * * *
The blast of lightning engulfs Lom Lobon.
Lom Lobon completely resists.
The ball lightning explodes!
The blast of lightning engulfs you!!!
You die...

...##'#§####§§.§.##§☼*○^#§§.§##:|
...'..#.#.###§§&#######)#§§§§.###
####..'.#'#.###'#..(##§§#§.§.§#..
..##+####^..#y#§##...#§&##§§.§#)∩
..#..^^°#...###..###.#§§§###'##..
..#..^○○○.....##.#A#.#§§§§§#(####
#'###^○.#^....#§.###.#§§§§##§#§§§
#.'.#^.^###''##.##...#§§§##.§.§§§
###.#°.###..###§@#+###§§§#^§§§§§§
∩##.#.^####..###&.*#.≈§.##.§§§§§§
###.##'#..#..#.###.#§≈..#.....†§.
.##.##.#..○...○..#.###..#........
.§§.####...°○....#)#.'..##.^..^§§
###.#).'..○...####)#°##'##...§...
..#§#####...###).).#°#≈≈≈##......
.#+§#[..#####.).####,#≈≈≈≈##).§..
≈####)........###,,,^#≈≈≈≈≈######


You could see Lom Lobon (gusty) and a ball lightning (wandering).

Vanquished Creatures
  the Lernaean hydra (D)
  A shadow dragon (D)
  4 fire giants (D)
  A lorocyproca (D)
  A deep elf annihilator (D)
  A mummy priest (D)
  A hydra (D)
  2 centaur warriors (D)
  Sonja (D)
  A deep troll (D)
  2 oklob plants (D)
  A lindwurm (D)
  3 shining eyes (D)
  2 merfolk sirens (D)
  2 gargoyles (D)
  7 unseen horrors (D)
  4 demonic crawlers (D)
  2 kobold demonologists (D)
  A hellwing (D)
  2 hornets (D)
  A slime creature (D)
  2 redbacks (D)
  A yak (D)
  Sigmund (D)
  13 hogs (D)
  5 floating eyes (D)
  An ogre (D)
  7 necrophages (D)
  8 jellies (D)
  Ijyb (D)
  A ball lightning (D)
  A block of ice (D)
82 creatures vanquished.

Vanquished Creatures (collateral kills)
  A golden dragon (D)
  A deep elf master archer (D)
  5 shining eyes (D)
  2 floating eyes (D)
9 creatures vanquished.

Vanquished Creatures (others)
  3 hornets (D)
  19 ball lightnings (D)
  2 ballistomycete spores (D)
24 creatures vanquished.

Grand Total: 115 creatures vanquished

Notes
Turn   | Place    | Note
-------+----------+-------------------------------------------
     0 | D        | manyhoops the Deep Dwarf Berserker began the quest for the
                  | Orb.
     0 | D        | Reached XP level 1. HP: 20/20 MP: 1/1
     1 | D        | Noticed Ijyb
    11 | D        | Killed Ijyb
    12 | D        | Reached skill level 7 in Axes
    12 | D        | Reached XP level 2. HP: 20/27 MP: 2/2
    57 | D        | Noticed an ogre
    64 | D        | Killed an ogre
    65 | D        | Reached skill level 10 in Axes
    65 | D        | Reached XP level 3. HP: 30/33 MP: 3/3
    65 | D        | Reached XP level 4. HP: 37/40 MP: 4/4
   114 | D        | Noticed Sigmund
   120 | D        | Killed Sigmund
   120 | D        | Reached ** piety under Trog
   121 | D        | Reached skill level 13 in Axes
   121 | D        | Reached XP level 5. HP: 31/46 MP: 5/5
   178 | D        | Found an ornate altar of the Wu Jian Council.
   178 | D        | Found a shimmering blue altar of Sif Muna.
   180 | D        | Found a radiant altar of Vehumet.
   184 | D        | Reached XP level 6. HP: 37/55 MP: 6/6
   214 | D        | Found Xewaj's Book Emporium.
   214 | D        | Found an ancient bone altar of Kikubaaqudgha.
   214 | D        | Found a stormy altar of Qazlal.
   214 | D        | Found a blossoming altar of Fedhas.
   214 | D        | Found a bloodstained altar of Trog.
   214 | D        | Found an iron altar of Okawaru.
   214 | D        | Found a glowing golden altar of the Shining One.
   214 | D        | Found a glowing silver altar of Zin.
   214 | D        | Found a white marble altar of Elyvilon.
   214 | D        | Noticed a yak
   220 | D        | Found a hazy altar of Hepliaklqana.
   220 | D        | Found a hide-covered altar of Uskayaw.
   220 | D        | Found a sacrificial altar of Ru.
   235 | D        | Killed a yak
   242 | D        | Found a basalt altar of Yredelemnul.
   242 | D        | Found a snail-covered altar of Cheibriados.
   242 | D        | Found a shadowy altar of Dithmenos.
   243 | D        | Found an opulent altar of Gozag.
   244 | D        | Found a sparkling altar of Nemelex Xobeh.
   279 | D        | Found a burning altar of Makhleb.
   279 | D        | Found a viscous altar of Jiyva.
   279 | D        | Found a shimmering altar of Xom.
   279 | D        | Found a corrupted altar of Lugonu.
   279 | D        | Noticed a slime creature
   286 | D        | Killed a slime creature
   286 | D        | Reached *** piety under Trog
   287 | D        | Reached skill level 10 in Armour
   287 | D        | Reached XP level 7. HP: 44/61 MP: 7/7
   308 | D        | Noticed a centaur warrior
   309 | D        | Noticed a centaur warrior
   324 | D        | Killed a centaur warrior
   325 | D        | Reached XP level 8. HP: 50/68 MP: 8/8
   331 | D        | Killed a centaur warrior
   377 | D        | Noticed a deep troll
   395 | D        | Killed a deep troll
   395 | D        | Reached **** piety under Trog
   396 | D        | Gained mutation: You passively map the area around you.
                  | [Deep Dwarf growth]
   396 | D        | Reached XP level 9. HP: 44/86 MP: 9/9
   439 | D        | Found Veawis's Armour Emporium.
   446 | D        | Bought a +1 plate armour of positive energy for 352 gold
                  | pieces
   446 | D        | Bought a +0 pair of gloves for 49 gold pieces
   479 | D        | Paralysed by a hornet for 2 turns
   525 | D        | Noticed an oklob plant
   539 | D        | Killed an oklob plant
   540 | D        | Reached skill level 14 in Axes
   637 | D        | Reached ***** piety under Trog
   699 | D        | Noticed a kobold demonologist
   700 | D        | Noticed a kobold demonologist
   711 | D        | Killed a kobold demonologist
   711 | D        | Received a gift from Trog
   719 | D        | Killed a kobold demonologist
   720 | D        | Reached skill level 15 in Axes
   720 | D        | Reached XP level 10. HP: 99/99 MP: 10/10
   768 | D        | Noticed Sonja
   782 | D        | Killed Sonja
   783 | D        | Reached skill level 10 in Fighting
   783 | D        | HP: 2/102 [poisoned by Sonja]
   812 | D        | Found Ynanlas's Antique Weapon Boutique.
   906 | D        | Reached skill level 16 in Axes
   952 | D        | Noticed a gargoyle
   961 | D        | Killed a gargoyle
   962 | D        | Reached skill level 17 in Axes
   975 | D        | Noticed a lindwurm
   980 | D        | Killed a lindwurm
   990 | D        | Reached skill level 18 in Axes
  1000 | D        | Received a gift from Trog
  1009 | D        | Reached skill level 19 in Axes
  1014 | D        | Reached XP level 11. HP: 70/109 MP: 9/9
  1015 | D        | Reached ****** piety under Trog
  1183 | D        | Received a gift from Trog
  1189 | D        | Reached skill level 20 in Axes
  1244 | D        | Received a gift from Trog
  1274 | D        | Found Nutwulov's Distillery.
  1274 | D        | Found Ramnaq's Weapon Shop.
  1274 | D        | Found Duxal's Jewellery Boutique.
  1276 | D        | Found Fapeh's General Store.
  1276 | D        | Found Hoffyghe's Weapon Shop.
  1276 | D        | Found Momisaun's Distillery.
  1276 | D        | Found Omoibloi's Jewellery Boutique.
  1276 | D        | Found Pebra's Armour Emporium.
  1276 | D        | Found Boroko's Weapon Shop.
  1276 | D        | Found Ifocluw's Jewellery Shoppe.
  1279 | D        | Bought a potion of might for 48 gold pieces
  1279 | D        | Bought a potion of heal wounds for 60 gold pieces
  1279 | D        | Bought a potion of heal wounds for 60 gold pieces
  1279 | D        | Bought a potion of curing for 36 gold pieces
  1280 | D        | Found Zeicysie's Antique Armour Boutique.
  1281 | D        | Bought a potion of haste for 120 gold pieces
  1281 | D        | Bought a scroll of fear for 42 gold pieces
  1281 | D        | Found Fula's Armour Emporium.
  1281 | D        | Found Guwacem's Jewellery Boutique.
  1282 | D        | Found Avvuyc Hovyc's Armour Emporium.
  1284 | D        | Bought a ring of see invisible for 165 gold pieces
  1290 | D        | Bought the +8 plate armour of Starshine {-Cast rF++ rN+
                  | SInv} for 1244 gold pieces
  1306 | D        | Bought a helmet for 112 gold pieces
  1306 | D        | Bought a cloak for 112 gold pieces
  1323 | D        | Bought a potion of heal wounds for 60 gold pieces
  1323 | D        | Bought a potion of heal wounds for 60 gold pieces
  1323 | D        | Bought a potion of heal wounds for 60 gold pieces
  1323 | D        | Bought a potion of heal wounds for 60 gold pieces
  1388 | D        | Noticed a 12-headed hydra
  1389 | D        | Paralysed by a floating eye for 3 turns
  1394 | D        | Killed a nine-headed hydra
  1396 | D        | Received a gift from Trog
  1432 | D        | Noticed a deep elf annihilator
  1442 | D        | Killed a deep elf annihilator
  1461 | D        | Received a gift from Trog
  1524 | D        | Noticed a shadow dragon
  1528 | D        | Noticed a golden dragon
  1533 | D        | Killed a golden dragon
  1536 | D        | Killed a shadow dragon
  1538 | D        | Identified the +5 ring mail of Waenlin {Str+2}
  1602 | D        | Found Kiysk's Distillery.
  1619 | D        | Bought a potion of heal wounds for 65 gold pieces
  1619 | D        | Bought a potion of might for 52 gold pieces
  1619 | D        | Bought a potion of heal wounds for 65 gold pieces
  1619 | D        | Bought a potion of ambrosia for 104 gold pieces
  1659 | D        | Noticed a daeva
  1666 | D        | Reached XP level 12. HP: 55/123 MP: 19/19
  1674 | D        | Reached skill level 21 in Axes
  1693 | D        | Noticed a fire giant
  1706 | D        | Killed a fire giant
  1715 | D        | Noticed a fire giant
  1715 | D        | Noticed a fire giant
  1728 | D        | Killed a fire giant
  1728 | D        | Received a gift from Trog
  1729 | D        | Reached skill level 22 in Axes
  1732 | D        | Noticed a fire giant
  1742 | D        | Killed a fire giant
  1747 | D        | Killed a fire giant
  1748 | D        | Reached skill level 23 in Axes
  1993 | D        | Noticed a mummy priest
  2000 | D        | Killed a mummy priest
  2059 | D        | Noticed the 27-headed Lernaean hydra
  2087 | D        | Killed the 20-headed Lernaean hydra
  2088 | D        | Reached skill level 15 in Fighting
  2088 | D        | Reached XP level 13. HP: 76/138 MP: 14/14
  2147 | D        | Identified the +5 hand axe of the Moon {freeze, Dex+2}
  2224 | D        | Noticed a deep elf master archer
  2267 | D        | Killed a deep elf master archer
  2396 | D        | Gained mutation: You are frail. (-10% HP) [a shining eye]
  2396 | D        | Gained mutation: You are dopey. (Int -2) [a shining eye]
  2397 | D        | Gained mutation: You are very frail. (-20% HP) [a shining
                  | eye]
  2399 | D        | Paralysed by a floating eye for 3 turns
  2407 | D        | Gained mutation: Armour fits poorly on your strangely
                  | shaped body. [a shining eye]
  2408 | D        | Gained mutation: You tend to lose your temper in combat. [a
                  | shining eye]
  2417 | D        | Found Voda Tom's Antique Weapon Shoppe.
  2417 | D        | Found Caumaa Beumm's Assorted Antiques.
  2418 | D        | Found Ycsunoun's Antique Armour Shop.
  2418 | D        | Found Myexim's Magic Scroll Boutique.
  2424 | D        | Bought a scroll labelled YTAMUCVUCO for 22 gold pieces
  2424 | D        | Bought a scroll labelled CUEXUBY LUEVA for 22 gold pieces
  2424 | D        | Bought 2 scrolls labelled MUYS LUOFIUFAE for 44 gold pieces
  2424 | D        | Bought a potion of heal wounds for 110 gold pieces
  2424 | D        | Bought a scroll labelled YTAMUCVUCO for 22 gold pieces
  2424 | D        | Bought a scroll labelled MILUCETSUL for 22 gold pieces
  2424 | D        | Bought a scroll labelled YTAMUCVUCO for 22 gold pieces
  2424 | D        | Bought 2 potions of heal wounds for 220 gold pieces
  2424 | D        | Bought a green potion for 19 gold pieces
  2435 | D        | Bought a scroll of blinking for 97 gold pieces
  2435 | D        | Bought a scroll of identify for 26 gold pieces
  2435 | D        | Bought a scroll of enchant armour for 97 gold pieces
  2435 | D        | Bought a scroll of identify for 26 gold pieces
  2435 | D        | Bought a scroll of blinking for 97 gold pieces
  2456 | D        | Lost mutation: You are dopey. (Int -2) [potion of mutation]
  2456 | D        | Lost mutation: You are very frail. (-20% HP) [potion of
                  | mutation]
  2456 | D        | Lost mutation: Armour fits poorly on your strangely shaped
                  | body. [potion of mutation]
  2456 | D        | Gained mutation: Your muscles are strong. (Str +2) [potion
                  | of mutation]
  2456 | D        | Gained mutation: You sometimes lose the ability to read
                  | scrolls when taking damage. [potion of mutation]
  2456 | D        | Gained mutation: Your movements are slightly less
                  | encumbered by armour. (ER -2) [potion of mutation]
  2509 | D        | Bought a potion of mutation for 96 gold pieces
  2509 | D        | Lost mutation: You tend to lose your temper in combat.
                  | [potion of mutation]
  2509 | D        | Lost mutation: Your muscles are strong. (Str +2) [potion of
                  | mutation]
  2509 | D        | Gained mutation: You tend to lose your temper in combat.
                  | [potion of mutation]
  2509 | D        | Gained mutation: You occasionally shout uncontrollably at
                  | your foes. [potion of mutation]
  2513 | D        | Bought a potion of invisibility for 96 gold pieces
  2513 | D        | Bought a potion of curing for 36 gold pieces
  2514 | D        | Bought a +6 ring of strength for 643 gold pieces
  2517 | D        | Bought a potion of haste for 140 gold pieces
  2518 | D        | Bought the amulet of Vitality {Regen+ HP+15} for 869 gold
                  | pieces
  2518 | D        | Found the amulet of Vitality {Regen+ HP+15}
  2521 | D        | Bought a ring of ice for 275 gold pieces
  2710 | D        | Noticed a lorocyproca
  2723 | D        | Killed a lorocyproca
  2911 | D        | Noticed Lom Lobon
  2980 | D        | HP: 5/144 [Lom Lobon/great icy blast (34)]
  3043 | D        | Killed by an exploding ball lightning

Illustrated notes

Levels and vault maps discovered:
D:        dungeon_sprint_1 [red_sonja_temple_1, red_sonja_temple_small_1]

Skill      XL: |  1  2  3  4  5  6  7  8  9 10 11 12 13 |
---------------+----------------------------------------+-----
Axes           | 7 10 13 15 19 20 23 | 23.3
Armour         | 4 10 14 16 | 16.5
Fighting       | 7 9 10 12 15 17 | 17.1
Spellcasting   | 8 |  8.2
Dodging        | 6 |  6.8

Action                   |  1- 3 |  4- 6 |  7- 9 | 10-12 | 13-15 || total
-------------------------+-------+-------+-------+-------+-------++-------
Melee: Hand axe          |    14 |    22 |    73 |       |       ||   109
       Executioner's axe |       |       |       |   157 |    28 ||   185
       Battleaxe         |       |       |       |    11 |       ||    11
Throw: Throwing net      |       |       |       |       |     1 ||     1
Invok: Berserk           |     2 |     4 |     7 |     9 |     1 ||    23
       Trog's Hand       |       |       |     1 |       |     1 ||     2
       Brothers in Arms  |       |       |       |     8 |     7 ||    15
 Abil: Heal Wounds       |     1 |     2 |     7 |    34 |    34 ||    78
  Use: Potion            |       |       |     1 |     4 |    16 ||    21
       Scroll            |       |       |       |     1 |     9 ||    10
Armor: Chain mail        |       |     1 |    37 |       |       ||    38
       Plate armour      |       |       |     8 |   271 |    31 ||   310
Dodge: Dodged            |     4 |     6 |    21 |    99 |    10 ||   140
